 Dungeon Crawl Stone Soup version 0.21-a0-143-g1ab7d47 (webtiles) character file.

123 drasked the Cudgeler (level 5, -1/32 HPs)
             Began as a Gargoyle Monk on July 24, 2017.
             Slain by a scorpion (6 damage)
             ... on level 4 of the Dungeon.
             The game lasted 00:04:09 (2702 turns).

drasked the Cudgeler (Gargoyle Monk)                Turns: 2702, Time: 00:04:09

Health: -1/32      AC:  6    Str: 16    XL:     5   Next: 7%
Magic:  5/5        EV: 12    Int: 10    God:
Gold:   130        SH:  0    Dex: 12    Spells: 4/4 levels left

rFire    . . .     SeeInvis .   o - +0 whip
rCold    . . .     Gourm    .   (no shield)
rNeg     + . .     Faith    .   b - +0 robe
rPois    ∞         Spirit   .   (no helmet)
rElec    +         Reflect  .   (no cloak)
rCorr    .         Harm     .   (no gloves)
MR       .....                  (no boots)
Stlth    ++........             (no amulet)
HPRegen  0.10/turn              (no ring)
MPRegen  0.09/turn              (no ring)

@: no status effects
A: negative energy resistance 1, electricity resistance, unbreathing,
petrification resistance, rot immunity, AC +4
a: no special abilities


You were on level 4 of the Dungeon.
You were not hungry.

You visited 1 branch of the dungeon, and saw 4 of its levels.

You collected 130 gold pieces.

Inventory:

Hand Weapons
 a - a +0 mace
 o - a +0 whip (weapon)
   (You found it on level 1 of the Dungeon)
Missiles
 f - 7 curare-tipped needles
Armour
 b - a +0 robe (worn)
Jewellery
 r - an uncursed ring of flight {unknown}
   (You found it on level 3 of the Dungeon)
 s - a +2 ring of evasion {unknown}
   (You found it on level 3 of the Dungeon)
Wands
 k - a wand of iceblast (3/15)
   (You found it on level 2 of the Dungeon)
Scrolls
 e - 5 scrolls of remove curse {unknown}
 g - 2 scrolls of teleportation {unknown}
 j - 5 scrolls of identify {unknown}
 m - a scroll of fog {unknown}
 n - a scroll of enchant armour {unknown}
Potions
 d - a potion of ambrosia {unknown}
 h - 2 potions of curing {unknown}
 i - 2 potions of might {unknown}
 l - 2 potions of resistance
 p - a potion of brilliance {unknown}
 q - a potion of heal wounds {unknown}
 t - 2 potions of magic {unknown}
Comestibles
 c - 2 bread rations {@e1}


   Skills:
 - Level 3.2 Fighting
 + Level 5.6 Maces & Flails
 - Level 2.4 Dodging
 - Level 2.1 Stealth


You had 4 spell levels left.
You didn't know any spells.

Dungeon Overview and Level Annotations

Branches:
Dungeon (4/15)
 Temple: D:4-7

Altars:
Xom
Yredelemnul

Annotations:
D:3 exclusion: Sigmund, Sigmund


Innate Abilities, Weirdness & Mutations

You are resistant to torment.
Your stone body is resilient. (AC +4)
You are immune to poison.
You resist negative energy. (rN+)
You are resistant to electric shocks. (rElec)
You can survive without breathing.
You are immune to petrification.
You are immune to rotting.


Message History

You hit the adder. The adder closely misses you.
You closely miss the adder. The adder bites you.
You take 1 damage, and have 27/28 hp.
You closely miss the adder. The adder bites you but does no damage.
You miss the adder. The adder barely misses you.
You barely miss the adder. The adder barely misses you.
Health restored: 28 You closely miss the adder.
The adder misses you.
You hit the adder. The adder closely misses you. x2
You hit the adder. The adder misses you.
You hit the adder. The adder barely misses you.
You hit the adder.
You kill the adder!
No target in view!
No target in view!
No target in view!
No target in view!
No target in view!
There is a stone staircase leading down, spattered with blood here.
You see here an adder corpse.
You see here 4 stones.
A kobold comes into view.
A kobold is nearby!
A kobold is nearby!
The kobold shouts!
The kobold barely misses you.
You whack the kobold!
You kill the kobold!
No target in view!
No target in view!
You see here a kobold corpse.
Eating a chunk of flesh {@w0}.
You eat the chunk of flesh {@w0}.
Partly explored, can't reach some places.
Partly explored, can't reach some places.
Partly explored, can't reach some places.
Partly explored, can't reach some places.
You see here 2 needles of confusion.
An orc comes into view. It is wielding a club.
You can't go down here!
No target in view!
No target in view!
No target in view!
No target in view!
You strike the helpless rat from behind!
You hit the rat but do no damage. The rat completely misses you.
You closely miss the rat. The rat bites you but does no damage.
You closely miss the rat. You closely miss the rat. The rat misses you.
You hit the rat.
You kill the rat!
No target in view!
No target in view!
No target in view!
No target in view!
There is a stone staircase leading down here.
You climb downwards.
A hound comes into view.
There is a stone staircase leading up here.
The hound barks!
The hound bites you.
A scorpion comes into view.
You take 2 damage, and have 26/28 hp.
You whack the hound! The hound barely misses you.
You hit the hound. The hound bites you.
You take 5 damage, and have 21/28 hp.
You hit the hound.
You kill the hound!
You have reached level 5!
You regained 3 hp, and now have 24/32 hp.
MP restored: 5
There is a stone staircase leading up here.
You hit the scorpion. The scorpion stings you.
You take 5 damage, and have 20/32 hp.
You closely miss the scorpion.
The scorpion stings you but does no damage.
You barely miss the scorpion. The scorpion stings you.
You take 3 damage, and have 17/32 hp.
You are too injured to fight recklessly!
You are too injured to fight recklessly!
You closely miss the scorpion. The scorpion barely misses you.
You closely miss the scorpion. The scorpion closely misses you.
You barely miss the scorpion. You hit the scorpion but do no damage.
The scorpion stings you.
You take 1 damage, and have 16/32 hp.
You closely miss the scorpion.
The scorpion stings you but does no damage.
You hit the scorpion. The scorpion stings you.
You take 5 damage, and have 11/32 hp.
You hit the scorpion. The scorpion closely misses you.
You hit the scorpion. You closely miss the scorpion. The scorpion stings you.
* * * LOW HITPOINT WARNING * * *
You take 2 damage, and have 9/32 hp.
You hit the scorpion.
The scorpion stings you but does no damage.
You hit the scorpion. The scorpion stings you.
* * * LOW HITPOINT WARNING * * *
You take 4 damage, and have 5/32 hp.
You closely miss the scorpion. The scorpion stings you.
You die...

#### #. ..#
.#...####.#
.....%...@#
.......#.s#
..........#
.#......#.#
...#....#.#
.# ##..##.#
... ...
##.? ###


You could see a scorpion.

Vanquished Creatures
  A hound (D:4)
  3 adders (D:3)
  3 dart slugs
  2 leopard geckos
  An orc (D:3)
  7 giant cockroaches
  9 goblins
  5 hobgoblins
  A quokka (D:3)
  2 ball pythons
  4 bats
  5 frilled lizards
  4 kobolds
  7 rats
  A spectral orc (D:3)
55 creatures vanquished.

Notes
Turn   | Place    | Note
-------+----------+-------------------------------------------
     0 | D:1      | drasked the Gargoyle Monk began the quest for the Orb.
     0 | D:1      | Reached XP level 1. HP: 14/14 MP: 1/1
   104 | D:1      | Reached XP level 2. HP: 19/19 MP: 2/2
   701 | D:1      | Reached skill level 4 in Maces & Flails
   804 | D:1      | Reached XP level 3. HP: 22/23 MP: 3/3
  1770 | D:3      | Noticed Sigmund
  1819 | D:3      | Reached XP level 4. HP: 28/28 MP: 4/4
  2073 | D:3      | Reached skill level 5 in Maces & Flails
  2192 | D:3      | Found a shimmering altar of Xom.
  2442 | D:3      | Found a basalt altar of Yredelemnul.
  2685 | D:4      | Reached XP level 5. HP: 24/32 MP: 5/5
  2701 | D:4      | HP: 5/32 [scorpion (4)]
  2702 | D:4      | Slain by a scorpion

Vault maps used:
D:1:      scummos_arrival_forest, st_stairs_12
D:2:      hangedman_feature_mirror
D:3:      yredelemnul_forgotten_temple_becter, xom_teletrap_fun, uniq_sigmund
D:4:      elyvilon_altar_5, st_stairs_10, kennysheep_generic_room_9

Skill      XL: |  1  2  3  4 |
---------------+-------------+-----
Maces & Flails | 4 5 |  5.6
Fighting       | |  3.2
Dodging        | |  2.4
Stealth        | |  2.1

Action                   |  1- 3 |  4- 6 || total
-------------------------+-------+-------++-------
Melee: Mace              |   104 |       ||   104
       Whip              |    15 |    88 ||   103
 Stab: Sleeping          |     8 |     4 ||    12
       Distracted        |       |     2 ||     2
  Eat: Chunk             |     2 |     4 ||     6
Armor: Robe              |    38 |    24 ||    62
Dodge: Dodged            |    68 |    47 ||   115

Vault maps used:
D:1:      scummos_arrival_forest, st_stairs_12
D:2:      hangedman_feature_mirror
D:3:      yredelemnul_forgotten_temple_becter, xom_teletrap_fun, uniq_sigmund
D:4:      elyvilon_altar_5, st_stairs_10, kennysheep_generic_room_9

Table legend:
 A = Turns spent in this place as a percentage of turns spent in the entire game.
 B = Non-inter-level travel turns spent in this place as a percentage of non-inter-level travel turns spent in the entire game.
 C = Inter-level travel turns spent in this place as a percentage of turns spent in this place.
 D = Turns resting spent in this place as a percentage of non-inter-level travel turns spent in this place.
 E = Turns spent auto-exploring this place as a percentage of non-inter-level travel turns spent in this place.
 F = Non-inter-level travel turns spent in this place divided by the number of levels of this place that you've seen.
                   A       B       C       D       E      F
               +-------+-------+-------+-------+-------+----------------------
         Total | 100.0 | 100.0 |   0.8 |   1.4 |   9.7 | 254.8
       Dungeon | 100.0 | 100.0 |   0.8 |   1.4 |   9.7 | 254.8
               +-------+-------+-------+-------+-------+----------------------

Table legend:
 A = Kills in this place as a percentage of kills in entire the game.
 B = Kills by you in this place as a percentage of kills by you in the entire game.
 C = Kills by friends in this place as a percentage of kills by friends in the entire game.
 D = Other kills in this place as a percentage of other kills in the entire game.
 E = Experience gained in this place as a percentage of experience gained in the entire game.
 F = Experience gained in this place divided by the number of levels of this place that you have seen.
                   A       B       C       D       E      F
               +-------+-------+-------+-------+-------+----------------------
         Total | 100.0 | 100.0 |  -nan |  -nan | 100.0 |  44.2
       Dungeon | 100.0 | 100.0 |  -nan |  -nan | 100.0 |  44.2
               +-------+-------+-------+-------+-------+----------------------
